 Dungeon Crawl Stone Soup version 0.30.0-29-ga12c61a403 (webtiles) character file.

Game seed: 17927176851271861238

200 LustLizard the Ruffian (level 5, 0/37 HPs)
             Began as an Octopode Berserker on June 14, 2023.
             Was a Believer of Trog.
             Splashed by a jelly's acid (4 damage)
             ... on level 1 of the Dungeon.
             The game lasted 00:03:03 (1966 turns).

LustLizard the Ruffian (Octopode Berserker)         Turns: 1966, Time: 00:03:03

Health: 0/37       AC: -7    Str: 18    XL:     5   Next: 79%
Magic:  5/5        EV: 13    Int: 10    God:    Trog [**....]
Gold:   176        SH:  0    Dex: 11    Spells: 4/4 levels left

rFire   . .          .
                       - Unarmed
rCold   . . .        (no shield)
rNeg    . . .        b - +0 hat
rPois   .            (no amulet)
rElec   .            i - +4 ring of protection
rCorr   .            (no ring)
SInv    .            (no ring)
Will    .....        (no ring)
Stlth   +++          (no ring)
HPRegen 0.26/turn    (no ring)
MPRegen 0.09/turn    (no ring)
                     (no ring)

%: no passive effects
@: corroded
A: almost no armour, amphibious, 8 rings, camouflage 1, gelatinous body 1,
(nimble swimmer 1), tentacles
a: Renounce Religion, Berserk, Trog's Hand


You were on level 1 of the Dungeon.
You worshipped Trog.
Trog was pleased with you.
You visited 1 branch of the dungeon, and saw 3 of its levels.

You collected 176 gold pieces.

Inventory:

Armour
 b - a +0 hat (worn)
Jewellery
 i - a +4 ring of protection (left tentacle)
Wands
 m - a wand of flame (18)
Scrolls
 a - a scroll of fear {unknown}
 c - a scroll of fog {unknown}
 d - 5 scrolls of teleportation {unknown}
 g - 2 scrolls of immolation {unknown}
 l - a scroll of enchant weapon {unknown}
 n - a scroll of blinking {unknown}
 o - a scroll of vulnerability {unknown}
Potions
 e - a potion of curing {unknown}
 f - a potion of degeneration {unknown}
 h - 2 potions of brilliance {unknown}
 j - a potion of ambrosia {unknown}
 k - a potion of heal wounds {unknown}


   Skills:
 + Level 4.0 Fighting
 - Level 3.0 Dodging
 + Level 3.5 Stealth
 * Level 4.9 Unarmed Combat


You had 4 spell levels left.
You didn't know any spells.
Your spell library was empty.

Dungeon Overview and Level Annotations

Branches:
Dungeon (3/15)

Altars:
Elyvilon
Trog


Innate Abilities, Weirdness & Mutations

You cannot wear most types of armour.
You are amphibious.
You can wear up to eight rings at the same time.
Your skin changes colour to match your surroundings (Stealth+).
Your rubbery body absorbs attacks. (AC +1, EV +1)
((You are camouflaged when in or above water. (Stealth+)))
You have tentacles for arms and can constrict up to eight enemies at once.


Message History

You tentacle-slap the kobold.
You kill the kobold!
Trog accepts your kill.
No target in view!
Done exploring.
Done exploring.
(D) Dungeon
Where to? (Enter - D:2 @ (x,y), ? - help)
What level of the Dungeon? (default 1, ? - help)
There is a stone staircase leading up here.
You climb upwards.
There is a stone staircase leading down here.
There is a stone staircase leading up here.
You climb upwards.
Level annotation: 1 runed translucent door
There is a stone staircase leading down here.
You open the door.
The endoplasm quivers.
You bludgeon the jelly!
Your tentacles burn!
The jelly is heavily wounded.
The jelly hits you but does no damage.
You tentacle-slap the jelly but do no damage.
Your tentacles burn!
The jelly is heavily wounded.
The jelly hits you. The acid corrodes you!
You are splashed with acid.
The jackal stops to sniff the ground.
You tentacle-slap the jelly. The acid corrodes you!
Your tentacles burn!
The jelly is heavily wounded.
The jelly barely misses you.
You tentacle-slap the jelly but do no damage.
Your tentacles burn!
The jelly is heavily wounded.
The jelly closely misses you.
The endoplasm jiggles.
You tentacle-slap the jelly. The acid corrodes you!
Your tentacles burn!
The jelly is severely wounded.
The jelly hits you.
You are splashed with acid!
* * * LOW HITPOINT WARNING * * *
You tentacle-slap the jelly.
Your tentacles burn!
You die...

..# #.........#
##.#########.### ..#
#.........####.#########....
..#
#................##.......##
###
##........................##
#.###+#######'###........##
#.#..⌠...>...⌠..#..........
#.#......<......#........##
#.+⌠....###....⌠'.#####....
#.#.......@.....#.# #####
#.#######J#######.# #....
#(#....hwBrrJ...#.# #....
#.#......BJJBJ..#.# ###.#..
#.#...(...BJ....#.# #......
#.###############.###.#.#.#
#..................##.#.#..
######.....................
######################


You could see a worm, a jelly, 5 endoplasms, a jackal, 4 giant cockroaches and 2
rats.

Vanquished Creatures
  A scorpion (D:3)
  An orc wizard (D:3)
  2 gnolls
  4 adders
  3 worms (D:3)
  A dart slug (D:3)
  5 orcs (D:3)
  2 ball pythons (D:1)
  7 bats
  3 endoplasms
  A giant cockroach (D:1)
  A goblin (D:3)
  3 hobgoblins
  4 jackals (D:3)
  A kobold (D:3)
  2 quokkas (D:3)
  2 frilled lizards
  3 rats (D:3)
46 creatures vanquished.

Notes
Turn   | Place    | Note
-------+----------+-------------------------------------------
     0 | D:1      | LustLizard the Octopode Berserker began the quest for the
                  | Orb.
     0 | D:1      | Reached XP level 1. HP: 16/16 MP: 1/1
     0 | D:1      | Noticed a jelly
     1 | D:1      | Found a runed translucent door.
   327 | D:1      | Reached skill level 1 in Stealth
   327 | D:1      | Reached XP level 2. HP: 21/21 MP: 2/2
   655 | D:2      | Reached XP level 3. HP: 26/26 MP: 3/3
  1009 | D:3      | Found a white marble altar of Elyvilon.
  1083 | D:3      | Reached XP level 4. HP: 31/31 MP: 4/4
  1236 | D:3      | Noticed a scorpion
  1514 | D:3      | Reached XP level 5. HP: 18/37 MP: 5/5
  1716 | D:3      | Noticed a moth of wrath
  1719 | D:3      | Found a bloodstained altar of Trog.
  1788 | D:3      | Reached ** piety under Trog
  1966 | D:1      | Splashed by a jelly's acid

Illustrated notes

Levels and vault maps discovered:
D:1:      dpeg_arrival_caged_fury, layout_basic, minivault_24
D:2:      layout_rooms, kennysheep_generic_room_13
D:3:      layout_rooms, tgw_trog, nicolae_overflow_hidden_temple,
          minmay_close_crescents

Skill      XL: |  1  2  3  4  5 |
---------------+----------------+-----
Stealth        | 1 2 3 |  3.5
Unarmed Combat | 4 |  4.9
Fighting       | 4 |  4.0
Dodging        | |  3.0

Action                     |  1- 3 |  4- 6 || total
---------------------------+-------+-------++-------
  Melee: Unarmed           |    43 |    77 ||   120
         Constrict         |     9 |    17 ||    26
         Tentacles         |     8 |    10 ||    18
         Punch             |       |     1 ||     1
 Invoke: Berserk           |     1 |       ||     1
   Stab: Sleeping          |     9 |     3 ||    12
 Armour: Skin              |     7 |    13 ||    20
  Dodge: Dodged            |    28 |    37 ||    65
